Map: [ESL] Berlingrad

Players

Serral - Winner!

  • Race: Zerg Zerg

ShoWTimE

  • Race: Protoss Protoss

Event: IEM Katowice 2022

VOD

https://www.youtube.com/watch?v=Cuj7chp4V2Q

Description

Time

  • Played on: Feb. 24, 2022, 3:27 p.m.
  • Length: 18:00

All games in this series

Show
View Real Time Build Order
Export as new Build Order

Serral Zerg - Winner!

Build Orders: Hatch First, Lurkers, Swarm Host 

Get SALT Encoding   

  12  0:00  Drone  
  13  0:12  Overlord  
  13  0:16  Drone  
  14  0:30  Drone x2  
  16  0:48  Hatchery  
  15  0:51  Drone  
  15  0:54  Drone  
  17  0:57  Drone  
  18  1:08  Extractor  
  17  1:15  Spawning Pool  
  17  1:16  Drone  
  17  1:19  Drone  
  18  1:27  Drone  
  19  1:38  Drone  
  20  1:51  Overlord  
  20  2:01  Queen x2  
  20  2:02  Zergling x4  
  26  2:12  Drone x2, Metabolic Boost  
  28  2:22  Drone x2  
  30  2:37  Queen  
  30  2:42  Hatchery  
  31  2:46  Drone x2  
  31  2:50  Overlord  
  33  2:53  Drone  
  33  2:54  Drone  
  33  2:57  Zergling x2  
  36  3:03  Overlord  
  36  3:11  Drone  
  36  3:12  Drone x3  
  40  3:16  Drone x3  
  43  3:22  Evolution Chamber  
  43  3:24  Queen  
  45  3:27  Drone  
  45  3:29  Spore Crawler  
  45  3:33  Drone x2  
  46  3:37  Queen  
  46  3:41  Overlord  
  48  3:45  Drone  
  48  3:48  Zergling x4  
  51  3:49  Drone  
  51  3:54  Overlord  
  52  3:56  Drone x2  
  52  3:59  Spore Crawler  
  53  4:04  Drone x3  
  53  4:07  Queen  
  58  4:10  Drone x2  
  58  4:16  Drone x2  
  62  4:17  Spore Crawler  
  62  4:21  Spore Crawler  
  62  4:22  Drone x2  
  62  4:24  Drone  
  60  4:27  Drone x3  
  60  4:29  Drone  
  65  4:33  Overlord  
  65  4:34  Drone  
  65  4:36  Spore Crawler  
  65  4:40  Extractor  
  65  4:44  Drone x3  
  67  4:46  Zergling x4  
  67  4:47  Drone  
  70  4:54  Drone x3  
  70  4:57  Overlord  
  73  5:00  Drone x3  
  73  5:03  Lair  
  72  5:08  Drone x5, Evolution Chamber  
  73  5:14  Drone  
  73  5:16  Roach Warren, Drone x2  
  75  5:24  Drone x2  
  75  5:26  Drone  
  75  5:28  Overlord  
  78  5:29  Drone x2  
  78  5:32  Extractor  
  78  5:33  Zerg Missile Weapons Level 1, Extractor  
  78  5:34  Drone x4  
  78  5:35  Drone  
  83  5:36  Drone  
  83  5:37  Drone x2  
  86  5:43  Drone  
  86  5:48  Extractor  
  86  5:49  Extractor  
  85  5:50  Overlord  
  85  5:57  Hatchery  
  85  6:01  Glial Reconstitution  
  85  6:03  Drone  
  84  6:05  Infestation Pit  
  84  6:06  Overseer  
  84  6:07  Roach  
  84  6:08  Roach x6  
  97  6:13  Overlord x3  
  97  6:15  Overlord  
  97  6:18  Overlord  
  97  6:24  Overlord  
  97  6:27  Roach  
  97  6:28  Roach x3  
  105  6:46  Overlord  
  102  6:47  Drone x3  
  102  6:49  Drone  
  102  6:52  Swarm Host x7  
  126  7:02  Swarm Host x2  
  126  7:05  Swarm Host  
  135  7:11  Drone, Swarm Host  
  135  7:15  Swarm Host  
  142  7:19  Drone x4  
  142  7:20  Drone, Baneling Nest  
  142  7:21  Queen  
  148  7:24  Roach x4  
  148  7:29  Roach x3  
  162  7:34  Roach x2  
  166  7:38  Spore Crawler  
  166  7:39  Overlord x4  
  166  7:40  Overlord  
  166  7:43  Ravager  
  166  7:45  Overlord  
  166  7:58  Hive  
  166  7:59  Zerg Missile Weapons Level 2  
  166  8:00  Hydralisk Den  
  167  8:05  Drone x2  
  167  8:06  Drone  
  167  8:07  Extractor  
  167  8:08  Extractor  
  167  8:10  Roach x7  
  177  8:15  Roach x4  
  171  8:23  Drone x2  
  171  8:24  Zergling x18  
  182  8:34  Drone  
  182  8:36  Lurker Den  
  182  8:37  Ravager  
  182  8:38  Zergling x14, Ravager  
  182  8:50  Zergling x14  
  182  8:51  Zergling x2  
  180  8:57  Ravager x4  
  180  9:00  Zergling x12  
  190  9:11  Viper x2  
  190  9:16  Zergling x12  
  185  9:25  Hydralisk x2  
  185  9:26  Hydralisk x2  
  185  9:30  Overseer  
  182  9:36  Hydralisk  
  182  9:37  Hydralisk x5  
  190  9:45  Seismic Spines  
  188  9:46  Zergling x20  
  188  9:51  Pneumatized Carapace  
  194  9:56  Drone x3  
  194  9:58  Spine Crawler x2  
  195  10:01  Hatchery  
  195  10:03  Grooved Spines  
  194  10:11  Lurker x3  
  197  10:20  Zerg Ground Armor Level 1  
  193  10:27  Zergling x2  
  193  10:28  Zergling x26  
  185  10:35  Hydralisk x2  
  185  10:36  Hydralisk x2  
  185  10:41  Lurker  
  185  10:42  Lurker x4  
  198  10:50  Evolution Chamber  
  198  10:54  Drone x2  
  194  11:13  Hydralisk x4  
  194  11:15  Muscular Augments  
  194  11:16  Zerg Missile Weapons Level 3  
  190  11:28  Hydralisk x5  
  190  11:29  Overseer  
  184  11:36  Overseer  
  184  11:38  Spine Crawler  
  184  11:39  Spine Crawler  
  179  11:41  Roach x7  
  179  11:44  Adaptive Talons  
  191  11:52  Drone x4  
  191  11:53  Spire  
  193  12:05  Lurker x2  
  193  12:06  Lurker x3  
  198  12:11  Hatchery  
  197  12:16  Hydralisk  
  199  12:25  Zerg Ground Armor Level 2  
  199  12:41  Spore Crawler, Spine Crawler  
  199  12:42  Spine Crawler  
  199  12:43  Spine Crawler  
  199  12:44  Spine Crawler  
  194  12:46  Hatchery  
  194  12:48  Hydralisk x3  
  195  13:08  Greater Spire  
  195  13:27  Nydus Network  
  195  13:28  Lurker x4  
  195  13:29  Lurker x2  
  195  13:34  Extractor  
  199  13:36  Extractor  
  198  13:47  Hydralisk x3  
  200  14:21  Zerg Flyer Weapons Level 1  
  200  14:56  Spire  
  190  15:04  Corruptor x6  
  199  15:12  Nydus Canal  
  199  15:15  Zerg Ground Armor Level 3  
  199  15:16  Zerg Melee Weapons Level 1  
  199  15:27  Drone  
  200  15:30  Spore Crawler  
  200  15:32  Spore Crawler  
  200  15:33  Spore Crawler  
  185  15:47  Corruptor x2  
  180  15:53  Overseer, Zergling x24  
  180  15:55  Nydus Canal  
  181  16:06  Corruptor x7  
  181  16:07  Corruptor  
  191  16:37  Lurker  
  181  16:40  Drone x8  
  181  16:45  Spore Crawler  
  186  16:50  Overlord  
  186  16:52  Zergling x10  
  186  16:53  Zergling x4  
  184  16:55  Corruptor x2  
  184  16:56  Corruptor  
  184  16:57  Overseer x2  
  184  16:58  Overseer  
  184  16:59  Viper  
  190  17:13  Baneling Nest  
  181  17:22  Drone x4  
  182  17:27  Drone x3, Spore Crawler x2  
  182  17:28  Spore Crawler  
  182  17:29  Nydus Canal  
  182  17:30  Spore Crawler x3  
  182  17:31  Spore Crawler x2  
  182  17:32  Spore Crawler  
Show
View Real Time Build Order
Export as new Build Order

ShoWTimE Protoss 

Build Orders: 1 Gate Expand, Oracle Opening, Carriers 

Get SALT Encoding   

  12  0:00  Probe  
  13  0:12  Probe  
  14  0:17  Pylon  
  14  0:24  Probe (Chrono Boost)  
  15  0:36  Probe (Chrono Boost)  
  15  0:37  Gateway  
  16  0:44  Probe (Chrono Boost)  
  16  0:46  Assimilator  
  17  0:50  Probe  
  18  1:03  Probe  
  19  1:15  Probe  
  20  1:22  Nexus  
  20  1:32  Cybernetics Core  
  20  1:36  Probe  
  21  1:41  Assimilator  
  21  1:48  Probe  
  21  1:51  Pylon  
  22  2:00  Probe  
  23  2:06  Adept (Chrono Boost)  
  23  2:12  Probe  
  26  2:21  Stargate  
  26  2:24  Probe  
  26  2:27  Adept (Chrono Boost)  
  29  2:32  Warp Gate  
  29  2:34  Probe (Chrono Boost)  
  31  2:43  Probe (Chrono Boost)  
  32  2:45  Probe (Chrono Boost)  
  32  2:49  Probe x2 (Chrono Boost), Adept  
  36  3:01  Probe x2  
  36  3:03  Oracle (Chrono Boost)  
  36  3:05  Pylon  
  41  3:13  Probe x2  
  41  3:19  Adept  
  45  3:25  Probe x2  
  45  3:26  Gateway  
  47  3:35  Oracle (Chrono Boost)  
  47  3:37  Probe x2  
  52  3:41  Pylon  
  52  3:49  Probe  
  52  3:55  Nexus  
  53  3:58  Probe  
  53  4:01  Probe  
  55  4:03  Pylon  
  55  4:04  Oracle (Chrono Boost)  
  58  4:10  Assimilator  
  58  4:12  Assimilator  
  58  4:13  Probe  
  58  4:15  Probe  
  60  4:25  Probe  
  60  4:26  Adept x2  
  60  4:27  Probe  
  66  4:33  Pylon  
  66  4:36  Robotics Facility  
  66  4:37  Probe  
  67  4:39  Probe  
  68  4:47  Forge  
  68  4:49  Probe  
  68  4:51  Pylon, Probe  
  70  5:01  Probe  
  70  5:02  Sentry x2  
  70  5:03  Gateway, Probe  
  76  5:08  Probe  
  72  5:15  Probe x2 (Chrono Boost)  
  72  5:17  Protoss Ground Weapons Level 1 (Chrono Boost)  
  74  5:24  Immortal (Chrono Boost)  
  74  5:25  Shield Battery, Probe (Chrono Boost)  
  74  5:27  Probe (Chrono Boost)  
  80  5:30  Sentry, Probe (Chrono Boost)  
  80  5:33  Probe (Chrono Boost)  
  80  5:34  Probe (Chrono Boost)  
  84  5:37  Pylon, Probe  
  84  5:42  Probe  
  86  5:43  Zealot  
  86  5:44  Probe  
  86  5:46  Photon Cannon  
  86  5:49  Probe  
  90  5:50  Assimilator  
  90  5:53  Robotics Bay, Assimilator  
  90  5:54  Probe  
  90  5:56  Warp Prism (Chrono Boost)  
  91  6:01  Probe  
  91  6:02  Probe  
  95  6:07  Pylon, Twilight Council  
  95  6:08  Zealot  
  97  6:12  Zealot x2  
  97  6:15  Probe  
  103  6:25  Observer (Chrono Boost)  
  103  6:30  Gateway  
  103  6:31  Pylon  
  103  6:32  Gateway  
  103  6:33  Gateway  
  103  6:38  Nexus  
  103  6:39  Blink (Chrono Boost)  
  103  6:43  Disruptor (Chrono Boost)  
  106  6:52  Photon Cannon  
  106  6:53  Photon Cannon, Phoenix  
  106  6:55  Shield Battery  
  106  6:56  Photon Cannon  
  106  6:58  Shield Battery  
  106  7:01  Stalker  
  108  7:05  Shield Battery, Disruptor  
  108  7:10  Pylon  
  108  7:14  Shield Battery  
  111  7:16  Pylon  
  111  7:17  Protoss Ground Weapons Level 2 (Chrono Boost)  
  111  7:24  Photon Cannon  
  111  7:25  Shield Battery  
  111  7:28  Pylon  
  111  7:35  Pylon, Stalker x3  
  111  7:36  Stalker  
  119  7:42  Photon Cannon  
  119  7:44  Pylon  
  119  7:46  Disruptor  
  122  7:51  Stalker  
  122  7:55  Stalker  
  126  8:04  Stalker  
  126  8:05  Stalker x3  
  134  8:15  Stalker  
  136  8:21  Disruptor (Chrono Boost)  
  136  8:22  Photon Cannon  
  136  8:24  Photon Cannon  
  136  8:26  Stalker  
  141  8:27  Shield Battery  
  141  8:30  Stalker x3  
  147  8:40  Charge  
  141  8:51  Stalker x3  
  141  8:54  Stalker x3, Disruptor (Chrono Boost)  
  148  8:58  Gateway  
  148  8:59  Gateway  
  148  9:02  Robotics Facility  
  151  9:07  Dark Shrine  
  151  9:23  Disruptor  
  154  9:31  Stalker x6  
  150  9:38  Protoss Ground Weapons Level 3 (Chrono Boost)  
  152  9:43  Probe x2  
  152  9:44  Probe x2  
  156  9:56  Photon Cannon  
  156  9:58  Photon Cannon, Disruptor  
  159  10:00  Photon Cannon  
  159  10:03  Zealot x3  
  159  10:04  Zealot x5  
  175  10:13  Pylon  
  175  10:15  Pylon  
  171  10:31  Dark Templar x2  
  171  10:32  Dark Templar x2  
  171  10:35  Observer (Chrono Boost)  
  168  10:37  Zealot x4  
  168  10:39  Templar Archives  
  174  10:42  Assimilator  
  174  10:45  Disruptor (Chrono Boost)  
  174  10:47  Assimilator  
  171  10:53  Immortal (Chrono Boost)  
  175  10:59  Zealot x4  
  177  11:14  Disruptor  
  177  11:18  Zealot x4  
  176  11:22  Dark Templar x4  
  176  11:25  Disruptor (Chrono Boost)  
  161  11:39  High Templar, Zealot  
  165  11:40  Zealot x2  
  165  11:44  Probe  
  165  11:45  Probe  
  165  11:46  Probe  
  172  11:47  Gateway  
  172  11:49  Gateway  
  172  11:52  Archon  
  172  11:53  Archon  
  172  11:56  Immortal (Chrono Boost)  
  176  12:02  Zealot  
  176  12:03  Zealot x5  
  188  12:13  Observer  
  188  12:22  High Templar, Psionic Storm  
  188  12:31  Zealot x6  
  188  12:34  Protoss Shields Level 1 (Chrono Boost)  
  188  12:35  Nexus  
  194  12:55  Pylon  
  188  13:08  Zealot x2  
  188  13:09  Zealot x2  
  193  13:18  Probe x3  
  180  13:20  Fleet Beacon  
  180  13:22  Photon Cannon  
  180  13:23  Stargate  
  180  13:24  Photon Cannon, Immortal x2 (Chrono Boost), High Templar x3  
  180  13:25  Stargate  
  180  13:26  Photon Cannon  
  194  13:31  Protoss Air Weapons Level 1 (Chrono Boost)  
  178  13:53  Immortal (Chrono Boost)  
  178  13:56  Immortal (Chrono Boost)  
  178  14:15  High Templar x2  
  190  14:21  Carrier x2 (Chrono Boost)  
  190  14:25  Immortal  
  190  14:31  Carrier (Chrono Boost)  
  200  14:33  Protoss Shields Level 2 (Chrono Boost)  
  200  14:50  Pylon  
  200  14:52  Pylon  
  192  15:16  Archon  
  192  15:18  High Templar  
  192  15:19  High Templar x2  
  192  15:21  Carrier  
  200  15:30  Assimilator  
  200  15:31  Photon Cannon  
  200  15:32  Photon Cannon  
  200  15:34  Photon Cannon  
  200  15:36  Photon Cannon  
  200  15:41  Archon  
  177  15:52  Zealot x8  
  177  15:53  Zealot x2  
  194  16:11  Nexus  
  190  16:14  Carrier  
  198  16:18  Carrier  
  198  16:25  Zealot x3  
  198  16:35  Zealot x3  
  192  16:43  Photon Cannon  
  192  16:44  Photon Cannon, Zealot x2  
  192  16:46  Photon Cannon  
  188  16:51  Pylon  
  186  16:59  Shield Battery, Zealot x2  
  186  17:00  Zealot x2  
  192  17:03  Assimilator  
  192  17:06  High Templar x3  
  188  17:33  High Templar x3  
  188  17:34  High Templar x2  
  198  17:37  Archon x2  
  150  17:56  Zealot x5  

Tags
 
Add a new tag
Caveats
  • Supply blocks, unpowered buildings, or Contaminate may cause inaccurate times.
  • Supply counts are checked every 10 seconds.